 Dungeon Crawl Stone Soup version 0.24-a0-397-g73b976d855 (webtiles) character file.

Game seed: 4373837684690131738

327 Laiders72 the Shield-Bearer (level 6, -3/50 HPs)
             Began as a Formicid Fighter on June 4, 2019.
             Succumbed to Blork the orc's poison
             ... on level 4 of the Dungeon.
             The game lasted 00:07:49 (3221 turns).

Laiders72 the Shield-Bearer (Formicid Fighter)      Turns: 3221, Time: 00:07:50

Health: -3/50      AC: 11    Str: 20    XL:     6   Next: 79%
Magic:  6/6        EV:  6    Int:  8    God:
Gold:   103        SH: 10    Dex: 12    Spells: 5/5 levels left

rFire    . . .     SeeInvis +   a - +0 flail
rCold    . . .     Gourm    .   c - +0 shield
rNeg     . . .     Faith    .   s - +0 chain mail
rPois    .         Spirit   .   (helmet unavailable)
rElec    .         Reflect  .   (no cloak)
rCorr    .         Harm     .   r - +0 pair of gloves
MR       .....                  g - +0 pair of boots (curse)
Stlth    ..........             (no amulet)
HPRegen  0.16/turn              j - ring of flight
MPRegen  0.10/turn              n - ring of wizardry

@: lethally poisoned (-3 -> -58)
A: permanent stasis, dig shafts and tunnels, four strong arms, antennae 3
a: Dig, Shaft Self, Evoke Flight


You were on level 4 of the Dungeon.
You were hungry.

You visited 1 branch of the dungeon, and saw 4 of its levels.

You collected 103 gold pieces.

Inventory:

Hand Weapons
 a - a +0 flail (weapon)
Missiles
 i - 5 boomerangs (quivered)
Armour
 c - a +0 shield (worn)
 g - a cursed +0 pair of boots (worn)
 r - a +0 pair of gloves (worn)
 s - a +0 chain mail (worn)
Jewellery
 j - a ring of flight (left hand)
 n - a ring of wizardry (right hand)
Wands
 b - a wand of flame (21)
 o - a wand of polymorph (2)
Scrolls
 d - a scroll of enchant weapon
 h - a scroll of fog
 l - a scroll of noise {unknown}
 m - a scroll of immolation {unknown}
 p - a scroll of remove curse {unknown}
 q - a scroll of teleportation {unknown}
Comestibles
 f - 4 rations


   Skills:
 + Level 4.8 Fighting
 * Level 4.9 Maces & Flails
 - Level 3.2 Armour
 + Level 5.2 Shields


You had 5 spell levels left.
You didn't know any spells.
Your spell library contained the following spells:

 Spells                   Type           Power        Failure   Level  Hunger
 Magic Dart               Conj           #...         98%         1    ##.....
 Call Imp                 Summ           #.......     99%         2    ###....
 Slow                     Hex            #.......     99%         2    ###....
 Conjure Flame            Conj/Fire      #.......     100%        3    ####...
 Mephitic Cloud           Conj/Pois/Air  #.......     100%        3    ####...
 Blink                    Tloc           Unusable     N/A         2    N/A

Dungeon Overview and Level Annotations

Branches:
Dungeon (4/15)
 Temple: D:4-7

Altars:
Vehumet

Annotations:
D:4 Blork the orc


Innate Abilities, Weirdness & Mutations

You cannot be hasted, slowed, berserked, paralysed or teleported.
You can dig through walls and to a lower floor.
Your four strong arms can wield two-handed weapons with a shield.
You have a pair of large antennae on your head. (SInv)


Message History

You feel very sick. You block Blork the orc's attack.
Blork the orc hits you but does no damage.
You are more poisoned.
You hit Blork the orc.
Blork the orc is heavily wounded.
* * * LOW HITPOINT WARNING * * *
You feel very sick. You block Blork the orc's attack.
Blork the orc hits you but does no damage.
You are more poisoned.
You sock Blork the orc!
Blork the orc is almost dead.
* * * LOW HITPOINT WARNING * * *
You feel extremely sick.
Blork the orc looks encouraged for a moment.
Blork the orc hits you but does no damage.
* * * LOW HITPOINT WARNING * * *
You feel very sick.
You die...

... #.# ## ... #
.# #.####.# .#
##.#....#.# .#
#.........# .# #
#..# ##.## .#
#.#..###...####.#
#.#......#.Zo.@.#
#....###...######
#..####.##
#.......#
#...#####
#...#######
#####.........#
.....).#.####<#
#####.###.###.#


You could see Blork the orc and a leopard gecko skeleton.

Vanquished Creatures
  Sigmund (D:3)
  Jessica (D:3)
  Terence (D:3)
  A worker ant (D:3)
  4 adders
  An ooze (D:3)
  2 worms (D:3)
  2 dart slugs
  3 leopard geckos
  An orc (D:3)
  3 ball pythons (D:3)
  3 giant cockroaches
  5 goblins
  2 hobgoblins
  8 kobolds
  A quokka (D:3)
  4 bats
  5 frilled lizards
  3 rats
51 creatures vanquished.

Notes
Turn   | Place    | Note
-------+----------+-------------------------------------------
     0 | D:1      | Laiders72 the Formicid Fighter began the quest for the Orb.
     0 | D:1      | Reached XP level 1. HP: 18/18 MP: 1/1
    85 | D:1      | Reached XP level 2. HP: 11/24 MP: 2/2
   924 | D:2      | Reached skill level 4 in Shields
   924 | D:2      | Reached XP level 3. HP: 27/29 MP: 3/3
  2037 | D:3      | Reached XP level 4. HP: 26/37 MP: 4/4
  2153 | D:3      | Noticed Jessica
  2153 | D:3      | Noticed Terence
  2161 | D:3      | Killed Jessica
  2169 | D:3      | Killed Terence
  2169 | D:3      | Reached XP level 5. HP: 42/42 MP: 5/5
  2367 | D:3      | Noticed Sigmund
  2388 | D:3      | Killed Sigmund
  2388 | D:3      | Reached skill level 5 in Shields
  2388 | D:3      | Reached XP level 6. HP: 16/49 MP: 6/6
  2714 | D:3      | Found a radiant altar of Vehumet.
  3201 | D:4      | Noticed Blork the orc
  3220 | D:4      | HP: 1/50 [poisoned by Blork the orc]
  3221 | D:4      | Succumbed to Blork the orc's poison

Levels and vault maps discovered:
D:1:      dpeg_arrival_lava_altar, layout_basic
D:2:      layout_basic, first_ration, minmay_indecisive_spiral
D:3:      layout_rooms, fiery_altar_vehumet, uniq_sigmund, uniq_jessica,
          uniq_terence
D:4:      layout_loops_ring, good_gods_temple_1, lemuel_doored_altar,
          uniq_menkaure, uniq_blork_the_orc

Skill      XL: |  1  2  3  4  5 |
---------------+----------------+-----
Shields        | 4 5 |  5.2
Maces & Flails | 3 4 |  4.9
Fighting       | 4 |  4.8
Armour         | |  3.2

Action                   |  1- 3 |  4- 6 || total
-------------------------+-------+-------++-------
Melee: Flail             |   139 |    88 ||   227
       Unarmed           |       |    13 ||    13
  Use: Potion            |     1 |     1 ||     2
       Scroll            |       |     3 ||     3
 Stab: Confused          |       |     1 ||     1
  Eat: Chunk             |     4 |     3 ||     7
Armor: Scale mail        |   106 |     7 ||   113
       Chain mail        |       |    21 ||    21
Dodge: Dodged            |    65 |    33 ||    98
Block: Shield            |   102 |    33 ||   135

Table legend:
 A = Non-vault XP
 B = Vault XP
 C = Vault XP percentage of total XP
 D = Non-vault monster count
 E = Vault monster count
 F = Vault count percentage of total count
                 A         B        C        D         E       F
            +---------+---------+-------+---------+---------+-------
      Total |     169 |     299 |  63.9 |      44 |       7 |  13.7
            +---------+---------+-------+---------+---------+-------
        D:1 |      28 |       0 |   0.0 |      15 |       0 |   0.0
        D:2 |      20 |       5 |  20.0 |       6 |       4 |  40.0
        D:3 |     108 |     294 |  73.1 |      22 |       3 |  12.0
        D:4 |      13 |       0 |   0.0 |       1 |       0 |   0.0
            +---------+---------+-------+---------+---------+-------
